 Dungeon Crawl Stone Soup version 0.21.1-1-g345015f (webtiles) character file.

948 zishaf the Slasher (level 8, -11/65 HPs)
             Began as a Barachi Fighter on May 12, 2018.
             Was an Initiate of Gozag.
             Killed by divine providence
             ... invoked by an orc priest
              (15 damage)
             ... on level 6 of the Dungeon.
             The game lasted 00:11:02 (5299 turns).

zishaf the Slasher (Barachi Fighter)                Turns: 5299, Time: 00:11:02

Health: -11/65     AC: 10    Str: 20    XL:     8   Next: 13%
Magic:  8/8        EV:  9    Int:  8    God:    Gozag
Gold:   234        SH:  9    Dex: 12    Spells: 7/7 levels left

rFire    + . .     SeeInvis .   a - +0 long sword
rCold    + . .     Gourm    .   c - +0 shield
rNeg     . . .     Faith    .   b - +0 scale mail
rPois    .         Spirit   .   (no helmet)
rElec    .         Reflect  .   (no cloak)
rCorr    .         Harm     .   (no gloves)
MR       .....                  g - +1 pair of boots
Stlth    ..........             (no amulet)
HPRegen  0.20/turn              e - ring of protection from fire
MPRegen  0.11/turn              t - ring of protection from cold

@: slow
A: +LOS, swims, slowness 1, strong legs 1
a: Hop, Potion Petition, Call Merchant, Bribe Branch, Renounce Religion


You were on level 6 of the Dungeon.
You worshipped Gozag.
Gozag was aware of your devotion.
You were not hungry.

You visited 2 branches of the dungeon, and saw 7 of its levels.

You collected 302 gold pieces.
You paid 68 gold pieces to Gozag.

Inventory:

Hand Weapons
 a - a +0 long sword (weapon)
Armour
 b - a +0 scale mail (worn)
 c - a +0 shield (worn)
 g - a +1 pair of boots (worn)
Jewellery
 e - a ring of protection from fire (left hand)
 i - an uncursed ring of positive energy
 j - an uncursed ring of magical power
 t - a ring of protection from cold (right hand)
Wands
 w - a wand of acid (8)
 x - a wand of random effects (39)
Scrolls
 k - a scroll of teleportation
 l - 4 scrolls of amnesia {unknown}
 m - a scroll of random uselessness
 n - 4 scrolls of remove curse {unknown}
 o - 2 scrolls of enchant armour
 q - a scroll of fear {unknown}
 s - 2 scrolls of enchant weapon {unknown}
 u - 2 scrolls of noise {unknown}
 y - a scroll of fog {unknown}
Potions
 d - 3 potions of resistance
 h - 2 potions of invisibility
 p - a potion of ambrosia {unknown}
 r - 4 potions of curing
 v - 2 potions of might
 z - a potion of brilliance {unknown}
 A - a potion of lignification {unknown}
Comestibles
 f - 8 rations


   Skills:
 * Level 6.5 Fighting
 - Level 7.0 Long Blades
 * Level 6.5 Armour
 + Level 3.1 Dodging
 - Level 3.2 Shields


You had 7 spell levels left.
You didn't know any spells.

Dungeon Overview and Level Annotations

Branches:
Dungeon (6/15)             Temple (1/1) D:5

Altars:
Ashenzari
Dithmenos
Gozag
Hepliaklqana
Kikubaaqudgha
Nemelex Xobeh
Okawaru
Qazlal
Ru
Sif Muna
Trog
Uskayaw
Wu Jian
Xom
Yredelemnul
Zin
The Shining One


Innate Abilities, Weirdness & Mutations

Shadows flee at your approach. (+LOS)
You can swim through water.
You cover ground slowly.
You can hop short distances.


Message History

You hit the orc priest.
The orc priest is moderately wounded.
The phantom hits you.
* * * LOW HITPOINT WARNING * * *
The phantom blinks!
The orc priest barely misses you.
You riposte.
You slash the orc priest!
The orc priest is severely wounded.
Your shield prevents you from hitting the orc priest.
The orc priest is severely wounded.
You block the orc priest's attack.
You closely miss the orc priest.
The orc priest is severely wounded.
The orc priest looks encouraged for a moment.
The phantom blinks!
You barely miss the orc priest.
The orc priest is severely wounded.
The orc priest mumbles some strange prayers to Beogh against you.
Beogh smites you!
You die...
Your body crumbles into a pile of gold.

............##W###.##.#
...########.##.###.##.#
.........##.#.........#
.#######.##.#.#.##.######
.#### #.##.#............
....# #.##.###..#.#####
###.# #.##.# ##.# ..
#.####.##W## #.# ...
#..........# #@# ...
######.#...# #o# $..
...#...# #.. # #####...#
##.. #...# ..# ##### ..#
..# ..# .>#


You could see a phantom and an orc priest.

Vanquished Creatures
  Sigmund (D:4)
  The ghost of dedward the Chopper, an amateur HOMo (D:4)
  A phantom (D:5)
  Blork the orc (D:5)
  A bullfrog zombie (D:5)
  2 hounds
  An orc priest (D:6)
  An orc wizard (D:4)
  An iguana (D:4)
  Terence (D:2)
  5 worker ants
  A howler monkey skeleton (D:5)
  9 adders
  5 oozes
  6 worms
  7 leopard geckos
  11 orcs
  6 giant cockroaches
  11 goblins
  5 hobgoblins
  6 jackals
  A quokka (D:3)
  A ball python (D:2)
  4 bats
  4 frilled lizards
  4 kobolds
  6 rats
103 creatures vanquished.

Notes
Turn   | Place    | Note
-------+----------+-------------------------------------------
     0 | D:1      | zishaf the Barachi Fighter began the quest for the Orb.
     0 | D:1      | Reached XP level 1. HP: 18/18 MP: 1/1
     5 | D:1      | Found a runed door.
    99 | D:1      | Reached skill level 3 in Long Blades
   143 | D:1      | Reached XP level 2. HP: 24/24 MP: 2/2
   780 | D:1      | Reached skill level 4 in Long Blades
   782 | D:1      | Reached XP level 3. HP: 29/29 MP: 3/3
   804 | D:1      | Reached skill level 5 in Long Blades
   804 | D:1      | Reached XP level 4. HP: 7/36 MP: 4/4
  1106 | D:2      | Noticed Terence
  1118 | D:2      | Killed Terence
  1141 | D:2      | Found a hide-covered altar of Uskayaw.
  1244 | D:2      | Found an iron altar of Okawaru.
  1442 | D:2      | Found a basalt altar of Yredelemnul.
  1696 | D:2      | Found a shimmering altar of Xom.
  1696 | D:2      | Found a stormy altar of Qazlal.
  1905 | D:2      | Reached skill level 6 in Long Blades
  1966 | D:3      | Reached XP level 5. HP: 39/41 MP: 5/5
  2439 | D:3      | Found a sacrificial altar of Ru.
  2613 | D:3      | Reached skill level 7 in Long Blades
  2868 | D:4      | Reached XP level 6. HP: 26/48 MP: 6/6
  3197 | D:4      | Noticed Sigmund
  3209 | D:4      | Killed Sigmund
  3209 | D:4      | Reached skill level 1 in Dodging
  3228 | D:4      | Reached XP level 7. HP: 40/55 MP: 7/7
  3491 | D:4      | Reached skill level 5 in Fighting
  3491 | D:4      | Reached skill level 5 in Armour
  3500 | D:4      | Noticed dedward's ghost (amateur HOMo)
  3549 | D:4      | HP: 2/56 [dedward's ghost (1)]
  3551 | D:4      | Killed dedward's ghost
  4269 | D:5      | Entered Level 5 of the Dungeon
  4626 | D:5      | Found a staircase to the Ecumenical Temple.
  4640 | Temple   | Entered the Ecumenical Temple
  4663 | Temple   | Became a worshipper of Gozag Ym Sagoz the Greedy
  4961 | D:5      | Reached XP level 8. HP: 54/64 MP: 8/8
  5017 | D:5      | Noticed Blork the orc
  5022 | D:5      | Killed Blork the orc
  5299 | D:6      | Killed from afar by an orc priest

Skill      XL: |  1  2  3  4  5  6  7  8 |
---------------+-------------------------+-----
Long Blades    | 3 4 5 6 7 |  7.0
Fighting       | 4 6 |  6.5
Armour         | 4 6 |  6.5
Dodging        | 1 2 3 |  3.1
Shields        | |  3.2

Action                   |  1- 3 |  4- 6 |  7- 9 || total
-------------------------+-------+-------+-------++-------
Melee: Long sword        |    70 |   182 |   192 ||   444
 Abil: Hop               |       |     1 |       ||     1
  Use: Potion            |     1 |     1 |       ||     2
       Scroll            |       |     7 |       ||     7
  Eat: Chunk             |       |     9 |     4 ||    13
       Ration            |       |       |     1 ||     1
Armor: Scale mail        |    36 |    65 |    73 ||   174
Dodge: Dodged            |    25 |    56 |    58 ||   139
Block: Shield            |    42 |    78 |    79 ||   199
       Rpst.: Long sword |     8 |    15 |    19 ||    42
